Map: Blackpink LE

Players

TRUE

  • Race: Zerg Zerg
  • Spawn Location: 7:00

LiquidTLO (TLO) - Winner!

  • Race: Zerg Zerg
  • Spawn Location: 1:00

Event: WCS Leipzig 2018

VOD

Have the link to the VOD?

Description

Time

  • Played on: Jan. 26, 2018, 2:30 p.m.
  • Length: 21:19

All games in this series

Show
View Real Time Build Order
Export as new Build Order

TRUE Zerg 

Build Orders: Hatch First 

Get SALT Encoding   

  12  0:00  Drone  
  13  0:12  Overlord  
  13  0:16  Drone  
  14  0:30  Drone  
  14  0:31  Drone  
  14  0:34  Drone  
  17  0:51  Hatchery  
  17  0:54  Drone  
  17  1:07  Spawning Pool  
  17  1:09  Extractor  
  16  1:11  Drone  
  16  1:14  Drone  
  16  1:18  Drone  
  18  1:30  Drone  
  19  1:38  Overlord  
  19  1:49  Drone  
  19  1:53  Queen  
  22  1:59  Drone  
  23  2:02  Queen  
  23  2:03  Drone  
  26  2:09  Metabolic Boost  
  26  2:11  Drone  
  26  2:14  Drone  
  28  2:21  Drone  
  29  2:24  Drone  
  30  2:31  Queen  
  30  2:32  Zergling x2  
  30  2:35  Drone  
  34  2:43  Overlord  
  34  2:56  Hatchery  
  33  3:01  Baneling Nest  
  32  3:08  Drone x6  
  32  3:11  Zergling x2  
  39  3:13  Zergling x2  
  39  3:15  Zergling x2  
  41  3:24  Evolution Chamber  
  40  3:33  Overlord  
  40  3:44  Overlord  
  40  3:49  Overlord  
  40  3:52  Drone x5  
  40  3:54  Zergling x4  
  40  3:55  Zergling x2  
  47  3:56  Zergling x2  
  47  4:01  Zerg Ground Armor Level 1, Zergling x2  
  49  4:04  Zergling x2  
  49  4:08  Extractor  
  49  4:10  Zergling x2, Roach Warren  
  49  4:29  Baneling  
  49  4:30  Baneling, Overlord  
  49  4:32  Drone x9  
  58  4:38  Overlord  
  58  4:51  Overlord  
  57  5:03  Roach  
  57  5:04  Roach x8  
  74  5:08  Roach x2  
  74  5:09  Overlord  
  74  5:11  Baneling  
  78  5:17  Baneling  
  78  5:18  Zergling x10  
  78  5:24  Zergling x2  
  78  5:26  Zergling x2  
  81  5:28  Zergling x2  
  81  5:32  Zergling x2  
  82  5:36  Zergling x2  
  82  5:39  Zergling x2  
  82  5:41  Zergling x2  
  85  5:44  Zergling x10  
  85  5:46  Zergling x2  
  85  5:47  Baneling x2  
  85  5:48  Zergling x2  
  91  5:53  Zergling x2  
  91  5:54  Zergling x2  
  91  5:55  Zergling x4  
  91  5:56  Zergling x2  
  96  6:00  Zerg Missile Weapons Level 1  
  96  6:01  Zergling x2  
  97  6:08  Zergling x6  
  97  6:09  Zergling x8  
  101  6:12  Zergling x2  
  101  6:13  Zergling x2  
  95  6:19  Zergling x2  
  95  6:22  Zergling x6  
  95  6:23  Lair  
  95  6:24  Roach x2  
  97  6:32  Roach x2  
  90  6:33  Roach  
  90  6:38  Roach  
  90  6:39  Roach x2  
  92  6:42  Zergling x2  
  92  6:44  Roach  
  82  6:47  Roach  
  82  6:53  Roach  
  84  6:56  Roach  
  88  7:01  Roach  
  88  7:02  Extractor, Overlord  
  88  7:06  Roach  
  89  7:11  Spine Crawler  
  89  7:14  Roach  
  89  7:15  Drone x8  
  93  7:20  Overlord  
  98  7:28  Glial Reconstitution  
  98  7:29  Overlord  
  98  7:35  Drone x4  
  98  7:36  Roach x2  
  106  7:37  Drone x3  
  106  7:38  Extractor, Overlord  
  106  7:40  Roach  
  110  7:44  Roach  
  110  7:45  Roach  
  110  7:48  Overlord  
  110  7:50  Roach  
  116  7:53  Roach  
  116  7:55  Roach  
  120  8:02  Spore Crawler  
  117  8:13  Drone x6, Extractor  
  117  8:14  Drone, Zerg Missile Weapons Level 2  
  117  8:15  Overlord  
  123  8:21  Roach  
  123  8:22  Roach  
  123  8:25  Roach  
  129  8:28  Roach, Hatchery  
  129  8:29  Roach  
  129  8:32  Roach  
  129  8:33  Roach  
  135  8:35  Roach  
  135  8:37  Roach  
  135  8:39  Roach  
  139  8:41  Roach  
  139  8:43  Roach  
  139  8:45  Roach  
  139  8:46  Roach  
  139  8:48  Roach  
  146  8:50  Roach  
  146  8:54  Overlord  
  148  8:56  Roach  
  148  8:57  Roach  
  148  8:59  Roach  
  154  9:03  Overseer  
  154  9:10  Overlord x3  
  154  9:11  Overlord  
  154  9:13  Roach  
  154  9:14  Roach  
  154  9:16  Roach  
  160  9:18  Roach  
  162  9:25  Overlord  
  162  9:27  Overlord  
  162  9:28  Roach  
  162  9:29  Roach x2  
  169  9:31  Roach  
  169  9:33  Roach  
  169  9:35  Roach  
  169  9:37  Roach  
  174  9:39  Roach  
  174  9:41  Roach  
  174  9:42  Roach  
  174  9:43  Roach  
  182  9:46  Roach  
  182  9:48  Roach  
  182  9:49  Roach  
  182  9:52  Roach  
  190  9:53  Roach  
  190  9:54  Roach  
  190  9:56  Roach  
  190  9:58  Roach  
  198  10:13  Spine Crawler, Roach  
  173  10:51  Pneumatized Carapace  
  171  10:58  Roach  
  171  10:59  Roach x6  
  162  11:11  Roach x2  
  162  11:12  Roach x17  
  162  11:17  Extractor  
  197  11:19  Roach  
  199  11:31  Overseer  
  199  11:32  Overseer  
  199  11:36  Unknown x2  
  199  11:42  Zerg Ground Armor Level 2  
  199  11:53  Overlord  
  199  12:01  Roach x2  
  193  12:02  Roach x3  
  199  12:11  Roach x2  
  199  12:13  Roach  
  199  12:20  Infestation Pit  
  199  12:22  Burrow, Roach, Tunneling Claws  
  196  12:40  Roach x8  
  196  12:41  Roach  
  196  12:43  Roach x3  
  200  12:44  Roach x2  
  200  12:49  Roach x2  
  200  12:51  Roach  
  198  12:52  Roach  
  200  12:58  Hive  
  200  13:04  Unknown  
  200  13:05  Unknown x2  
  200  13:25  Overlord  
  200  13:29  Roach x38  
  200  13:43  Unknown x3  
  200  13:44  Unknown  
  200  13:57  Extractor  
  200  13:58  Extractor  
  198  14:06  Roach x3  
  198  14:17  Viper x2  
  194  14:18  Zerg Missile Weapons Level 3  
  194  14:19  Spire  
  194  14:21  Roach x36  
  193  14:34  Unknown x5  
  189  15:01  Unknown  
  189  15:07  Hatchery, Roach x6  
  200  15:20  Overlord  
  200  15:36  Zerg Flyer Weapons Level 1  
  148  16:26  Mutalisk x22  
  148  16:27  Mutalisk x2  
  184  16:34  Mutalisk x6, Overseer  
  184  16:37  Mutalisk  
  194  16:41  Mutalisk  
  192  16:48  Mutalisk  
  192  16:53  Extractor  
  189  16:55  Extractor, Hatchery  
  189  16:58  Mutalisk  
  189  16:59  Mutalisk  
  173  17:04  Mutalisk  
  173  17:08  Mutalisk  
  141  17:19  Drone x2  
  141  17:20  Drone x3  
  141  17:21  Drone x3  
  149  17:22  Unknown  
  149  17:23  Unknown x2  
  111  17:39  Roach  
  111  17:40  Roach x12  
  125  17:44  Roach x2  
  125  17:45  Roach x4  
  125  17:46  Roach  
  139  17:56  Roach  
  141  18:03  Roach x4  
  141  18:04  Roach  
  141  18:05  Roach x2  
  127  18:14  Roach x2  
  127  18:18  Roach  
  133  18:20  Roach  
  133  18:26  Roach  
  127  18:28  Roach  
  127  18:32  Roach  
  124  18:39  Mutalisk x4  
  132  18:41  Mutalisk x3  
  132  18:45  Mutalisk  
  132  18:47  Drone x3  
  141  18:49  Extractor  
  141  18:50  Extractor  
  137  19:03  Hatchery  
  104  19:11  Roach x11  
  104  19:13  Roach x2  
  104  19:15  Roach x3  
  128  19:18  Roach x2  
  128  19:21  Roach x14  
  134  19:30  Roach x3  
  140  19:37  Ravager x3  
  140  19:38  Ravager x4  
  147  19:39  Roach  
  147  19:40  Roach x2  
  147  19:41  Roach  
  147  19:43  Roach  
  157  19:51  Roach  
  159  19:54  Ravager  
  159  19:56  Unknown x2  
  159  19:58  Roach  
  162  20:05  Roach  
  160  20:09  Roach  
  160  20:10  Roach x13  
  160  20:13  Overseer  
  154  20:14  Overseer  
  151  20:22  Roach  
  151  20:26  Roach  
  154  20:31  Roach  
  148  20:44  Roach  
  148  20:45  Roach  
  148  20:48  Roach x2  
  137  20:51  Roach  
  125  20:57  Roach x2  
  125  21:03  Drone x2  
Show
View Real Time Build Order
Export as new Build Order

LiquidTLO Zerg - Winner!

Build Orders: Hatch First, Lurkers 

Get SALT Encoding   

  12  0:00  Drone  
  13  0:12  Overlord  
  13  0:17  Drone  
  14  0:30  Drone x2  
  16  0:48  Hatchery  
  15  0:51  Drone  
  15  0:56  Drone  
  17  1:09  Spawning Pool  
  16  1:11  Drone  
  16  1:14  Extractor  
  16  1:16  Drone  
  17  1:21  Drone  
  18  1:28  Overlord  
  18  1:48  Drone  
  19  1:55  Queen  
  19  1:56  Zergling x2  
  19  2:00  Queen  
  19  2:01  Drone x2  
  26  2:10  Drone  
  26  2:15  Metabolic Boost  
  27  2:16  Drone  
  27  2:21  Drone  
  27  2:22  Drone  
  30  2:32  Drone x2  
  30  2:35  Queen  
  34  2:44  Drone, Overlord  
  35  2:54  Baneling Nest  
  35  2:56  Drone x2  
  35  3:02  Drone  
  35  3:03  Drone  
  35  3:04  Zergling x2  
  35  3:05  Zergling x2  
  39  3:08  Drone  
  39  3:09  Drone x3  
  43  3:16  Overlord  
  43  3:19  Drone  
  44  3:31  Hatchery  
  44  3:33  Drone  
  44  3:37  Baneling  
  44  3:38  Drone x2  
  44  3:40  Drone  
  47  3:42  Drone  
  47  3:43  Drone  
  47  3:44  Drone  
  47  3:46  Drone, Evolution Chamber  
  50  3:52  Drone  
  50  3:53  Drone  
  50  3:55  Extractor, Overlord  
  52  3:56  Extractor  
  52  4:00  Baneling  
  52  4:02  Zergling x2  
  51  4:05  Overlord  
  51  4:06  Zergling x2  
  51  4:08  Lair  
  52  4:12  Zerg Missile Weapons Level 1  
  51  4:17  Drone  
  51  4:18  Drone  
  51  4:20  Zergling x2, Roach Warren  
  51  4:22  Drone  
  51  4:24  Baneling, Zergling x2  
  55  4:26  Drone  
  55  4:27  Drone  
  55  4:29  Baneling x2  
  57  4:32  Drone  
  57  4:36  Zergling x2  
  58  4:45  Drone  
  58  4:46  Drone x2  
  61  4:53  Drone  
  61  4:54  Drone x2  
  63  5:01  Drone  
  63  5:02  Drone  
  63  5:04  Drone  
  63  5:06  Drone, Roach x2  
  68  5:07  Drone  
  68  5:08  Roach  
  68  5:09  Glial Reconstitution  
  68  5:11  Overseer  
  71  5:14  Roach  
  71  5:18  Roach  
  71  5:19  Overlord  
  73  5:24  Extractor  
  73  5:25  Overlord  
  72  5:29  Overlord  
  72  5:31  Overlord  
  72  5:34  Overlord  
  72  5:38  Drone  
  73  5:46  Roach x7  
  81  5:50  Roach  
  81  5:54  Roach  
  81  5:56  Spine Crawler  
  84  5:57  Spine Crawler, Roach  
  84  5:59  Roach  
  84  6:02  Roach  
  84  6:03  Roach  
  91  6:06  Roach  
  91  6:07  Roach  
  87  6:12  Roach  
  87  6:14  Roach  
  81  6:20  Roach  
  81  6:23  Roach  
  81  6:27  Roach  
  81  6:31  Roach  
  75  6:34  Drone  
  75  6:36  Roach  
  75  6:39  Drone  
  77  6:42  Roach  
  75  6:47  Drone x2  
  75  6:50  Drone x2  
  75  6:52  Drone  
  80  6:55  Drone  
  80  6:58  Drone  
  80  7:00  Drone  
  83  7:02  Drone  
  83  7:04  Drone  
  85  7:09  Zerg Missile Weapons Level 2  
  85  7:12  Drone  
  85  7:13  Drone  
  85  7:14  Drone  
  88  7:16  Drone  
  88  7:18  Roach  
  88  7:20  Drone  
  88  7:22  Roach  
  94  7:24  Roach  
  94  7:27  Roach  
  94  7:28  Roach  
  100  7:30  Drone  
  100  7:33  Overlord  
  101  7:37  Overlord  
  101  7:38  Roach  
  101  7:39  Roach  
  101  7:41  Overlord  
  105  7:46  Overlord  
  105  7:48  Overlord  
  105  7:51  Evolution Chamber  
  105  7:52  Overlord  
  105  7:53  Drone, Roach  
  105  7:56  Drone  
  105  7:57  Drone  
  109  8:00  Roach  
  109  8:01  Roach  
  109  8:03  Ravager, Roach  
  116  8:11  Drone  
  115  8:13  Hydralisk Den, Overseer  
  115  8:14  Roach x2, Overseer  
  115  8:15  Roach  
  115  8:17  Pneumatized Carapace  
  120  8:22  Extractor, Roach x2  
  120  8:25  Drone x2  
  125  8:27  Roach  
  125  8:33  Roach  
  129  8:35  Roach  
  129  8:36  Roach  
  133  8:44  Roach  
  133  8:46  Overlord  
  133  8:52  Drone  
  134  8:56  Extractor  
  134  8:58  Drone, Lurker Den, Queen  
  134  8:59  Drone  
  134  9:00  Drone x2  
  134  9:01  Drone  
  139  9:10  Hydralisk  
  139  9:11  Hydralisk x2  
  139  9:14  Hydralisk  
  147  9:17  Overlord  
  147  9:18  Hydralisk  
  147  9:21  Overseer  
  147  9:22  Queen  
  147  9:23  Unknown  
  151  9:27  Hydralisk  
  151  9:30  Hydralisk  
  155  9:35  Hatchery  
  155  9:37  Queen  
  155  9:38  Overlord  
  156  9:39  Hydralisk  
  156  9:45  Drone  
  159  9:47  Roach x2  
  163  9:56  Overlord  
  163  9:58  Roach  
  163  9:59  Spore Crawler  
  164  10:00  Roach  
  164  10:01  Roach  
  164  10:02  Overlord  
  168  10:07  Overlord  
  168  10:17  Roach  
  170  10:21  Unknown  
  170  10:24  Lurker x4  
  170  10:25  Roach x2  
  170  10:26  Roach, Lurker  
  170  10:28  Ravager, Roach  
  182  10:29  Roach  
  182  10:31  Roach  
  182  10:32  Roach  
  182  10:34  Roach  
  192  10:36  Roach  
  192  10:40  Roach  
  192  10:41  Roach x2  
  192  10:42  Roach  
  190  10:43  Roach  
  190  10:46  Roach  
  190  10:47  Roach  
  190  10:49  Drone x2  
  180  10:52  Drone  
  180  10:54  Drone  
  178  10:59  Drone  
  178  11:03  Roach  
  178  11:04  Drone x2, Roach  
  171  11:06  Roach  
  168  11:12  Hydralisk  
  168  11:13  Zerg Ground Armor Level 1  
  168  11:14  Hydralisk  
  168  11:16  Roach  
  173  11:28  Spore Crawler  
  173  11:29  Overlord  
  172  11:33  Hatchery  
  172  11:39  Hydralisk, Overlord  
  171  11:41  Hydralisk  
  171  11:42  Hydralisk  
  171  11:43  Lurker  
  178  11:49  Unknown  
  178  11:50  Roach, Evolution Chamber  
  178  11:51  Roach, Evolution Chamber  
  178  11:52  Lurker x3  
  178  11:53  Drone  
  185  11:54  Drone  
  185  11:55  Drone, Roach  
  185  11:57  Roach  
  185  11:58  Roach  
  185  12:00  Drone  
  191  12:02  Roach  
  193  12:09  Roach x2  
  193  12:10  Roach  
  193  12:11  Roach x2  
  193  12:12  Roach  
  199  12:22  Hatchery  
  198  12:25  Infestation Pit, Overlord  
  198  12:26  Unknown x3  
  198  12:29  Lurker x2  
  199  12:34  Roach  
  199  12:35  Roach  
  195  12:37  Roach  
  195  12:39  Roach  
  195  12:42  Roach  
  177  12:44  Hydralisk  
  177  12:48  Drone  
  178  12:53  Drone  
  179  13:10  Drone  
  179  13:11  Drone x2  
  179  13:14  Drone  
  179  13:15  Hive  
  179  13:16  Drone x2  
  179  13:17  Drone, Overseer  
  180  13:22  Drone x3  
  180  13:23  Drone  
  180  13:24  Drone  
  180  13:26  Drone  
  185  13:29  Drone  
  185  13:30  Hydralisk  
  185  13:32  Unknown x2  
  185  13:33  Overlord  
  185  13:34  Unknown, Overlord  
  188  13:38  Overlord  
  188  13:44  Spire  
  188  13:45  Overlord  
  187  13:51  Overlord  
  187  13:55  Spore Crawler x2  
  185  13:57  Overlord  
  185  14:01  Drone  
  186  14:03  Spore Crawler  
  186  14:08  Ravager  
  186  14:09  Drone  
  185  14:17  Lurker  
  185  14:20  Drone, Overlord  
  185  14:21  Overseer  
  185  14:22  Overlord  
  187  14:27  Overlord  
  187  14:29  Zerg Missile Weapons Level 3  
  187  14:30  Roach  
  187  14:31  Roach  
  190  14:36  Unknown x3  
  189  14:39  Zerg Ground Armor Level 2  
  189  14:42  Extractor  
  189  14:43  Extractor  
  189  14:45  Spine Crawler, Viper x3  
  185  14:46  Spine Crawler  
  190  14:55  Corruptor x2  
  194  15:06  Overlord  
  194  15:08  Greater Spire  
  194  15:14  Unknown x2  
  194  15:29  Overlord  
  194  15:31  Drone x2  
  194  15:32  Drone x2  
  194  15:34  Adaptive Talons  
  198  15:40  Unknown  
  192  15:57  Hydralisk  
  192  15:59  Hydralisk  
  192  16:01  Hydralisk  
  192  16:02  Hydralisk x2  
  197  16:05  Hydralisk  
  197  16:06  Hydralisk  
  197  16:08  Hydralisk x3  
  197  16:11  Roach x3  
  189  16:13  Hydralisk  
  187  16:21  Hydralisk  
  187  16:24  Hydralisk  
  187  16:25  Corruptor x3  
  186  16:28  Roach x3, Hydralisk  
  186  16:30  Hydralisk  
  186  16:31  Roach x2  
  198  16:39  Roach  
  200  16:42  Muscular Augments  
  200  16:46  Roach  
  193  17:01  Drone  
  193  17:05  Corruptor x5  
  189  17:12  Overlord  
  189  17:17  Zerg Ground Armor Level 3  
  199  17:25  Spore Crawler  
  199  17:28  Corruptor  
  194  17:35  Corruptor x3  
  194  17:36  Corruptor x3  
  173  17:39  Corruptor  
  173  17:40  Corruptor  
  177  17:45  Corruptor  
  177  17:47  Hydralisk  
  177  17:50  Hydralisk  
  183  17:54  Hydralisk  
  183  17:58  Hydralisk  
  179  18:01  Hydralisk  
  179  18:03  Hydralisk x2  
  177  18:08  Hydralisk  
  177  18:09  Hydralisk  
  167  18:14  Hydralisk  
  167  18:15  Hydralisk  
  167  18:18  Zergling x6  
  167  18:19  Queen  
  172  18:23  Hydralisk  
  172  18:28  Hydralisk  
  172  18:29  Hydralisk  
  172  18:31  Hydralisk  
  171  18:56  Roach x2  
  171  19:01  Drone  
  172  19:04  Hatchery  
  170  19:21  Hatchery  
  168  19:27  Lurker x2  
  168  19:29  Hydralisk x2  
  168  19:30  Hydralisk x2, Overseer  
  168  19:31  Overseer  
  178  19:38  Hydralisk x2  
  178  19:45  Hydralisk  
  184  19:53  Roach  
  184  19:54  Hydralisk  
  188  20:05  Unknown, Roach x2  
  191  20:08  Unknown x2  
  191  20:10  Unknown  
  191  20:15  Overlord  
  191  20:17  Hydralisk  
  191  20:18  Hydralisk  
  195  20:27  Overlord  
  195  20:28  Hydralisk  
  195  20:34  Roach  
  196  20:37  Roach  
  196  20:40  Roach x2  
  196  20:41  Roach  
  184  20:45  Roach  
  184  20:46  Roach  
  184  20:49  Roach  
  183  20:51  Roach  
  183  20:54  Roach  
  183  20:56  Roach  
  183  20:59  Roach  
Tags
 
Add a new tag
Caveats
  • Supply blocks, unpowered buildings, or Contaminate may cause inaccurate times.
  • Supply counts are checked every 10 seconds.